 Dungeon Crawl Stone Soup version 0.30-a0-937-ga0a21ad780 (webtiles) character file.

Game seed: 15476727073780451900

224 Dirtsage the Slasher (level 5, -1/41 HPs)
             Began as a Demonspawn Fighter on Mar 24, 2023.
             Slain by a black bear (4 damage)
             ... on level 4 of the Dungeon.
             The game lasted 00:04:08 (3200 turns).

Dirtsage the Slasher (Demonspawn Fighter)           Turns: 3200, Time: 00:04:09

Health: -1/41      AC:  6    Str: 16    XL:     5   Next: 67%
Magic:  5/5        EV:  8    Int:  9    God:
Gold:   122        SH:  5    Dex: 15    Spells: 4/4 levels left

rFire   . . .      SeeInvis +    a - +0 long sword
rCold   . . .      Faith    .    c - +0 buckler
rNeg    . . .      Spirit   .    b - +0 scale mail
rPois   .          Reflect  .    (no helmet)
rElec   .          Rampage  .    (no cloak)
rCorr   .                        (no gloves)
Will    .....                    (no boots) Stlth
                                 (no amulet)
HPRegen 0.26/turn                S - ring of see invisible
MPRegen 0.09/turn                (no ring)

@: mighty, weakened
A: weakness stinger 1
a: no special abilities


You were on level 4 of the Dungeon.
You visited 1 branch of the dungeon, and saw 4 of its levels.

You collected 122 gold pieces.

Inventory:

Hand Weapons
 a - a +0 long sword (weapon)
Armour
 b - a +0 scale mail (worn)
 c - a +0 buckler (worn)
Jewellery
 S - a ring of see invisible (left hand)
Scrolls
 e - 2 scrolls of blinking {unknown}
 h - a scroll of amnesia {unknown}
 j - a scroll of fog {unknown}
 l - a scroll of brand weapon {unknown}
 m - a scroll of magic mapping {unknown}
 n - a scroll of enchant weapon {unknown}
 o - a scroll of vulnerability {unknown}
 q - a scroll of noise {unknown}
 s - a scroll of fear {unknown}
 t - 2 scrolls of teleportation
Potions
 f - 3 potions of curing {unknown}
 g - a potion of degeneration {unknown}
 i - a potion of berserk rage {unknown}
 k - a potion of magic {unknown}
 p - 2 potions of mutation {unknown}
 r - a potion of attraction {unknown}


   Skills:
 - Level 3.0 Fighting
 + Level 5.5 Long Blades
 - Level 2.6 Armour
 - Level 2.6 Shields


You had 4 spell levels left.
You didn't know any spells.
Your spell library contained the following spells:

 Spells                   Type           Power      Damage    Failure   Level
 Hailstorm                Conj/Ice       0%         3d3       99%         3
 Ignite Poison            Fire/Tmut/Pois 0%         N/A       99%         3
 Kindle Blastsparks       Fire/Tloc/Air  0%         2d10      99%         3
 Ice Form                 Ice/Tmut       0%         N/A       100%        4
 Freezing Cloud           Conj/Ice/Air   0%         6-21      100%        5
 Simulacrum               Ice/Necr       0%         N/A       100%        6


Dungeon Overview and Level Annotations

Branches:
Dungeon (4/15)
 Temple: D:4-7

Altars:

Shops:
D:2 (   D:3 (


Innate Abilities, Weirdness & Mutations

You have a small tail.


Message History

The gnoll bouda gazes fiercely through you!
You feel as though you will be weak longer.
The gnoll is no longer moving quickly.
The gnoll bouda barks out a call to the hunt!
The gnoll picks up the pace!
The gnoll hits you from afar with a +0 spear.
* * * LOW HITPOINT WARNING * * *
You take 4 damage, and have 12/41 hp.
Your surroundings suddenly seem different.
An endoplasm and a black bear come into view.
The black bear growls angrily.
You feel very mighty all of a sudden. The black bear completely misses you.
The black bear claws you.
* * * LOW HITPOINT WARNING * * *
The black bear claws you but does no damage.
The endoplasm hits you but does no damage.
You take 4 damage, and have 8/41 hp.
You barely miss the black bear.
The black bear bites you but does no damage.
The black bear claws you.
* * * LOW HITPOINT WARNING * * *
The black bear claws you but does no damage.
The endoplasm hits you.
* * * LOW HITPOINT WARNING * * *
You take 3 damage, and have 5/41 hp.
You slash the black bear!
The black bear is moderately wounded.
You block the black bear's attack.
The black bear claws you but does no damage.
The black bear barely misses you. The endoplasm barely misses you.
The endoplasm hits you.
* * * LOW HITPOINT WARNING * * *
The black bear bites you.
* * * LOW HITPOINT WARNING * * *
The black bear claws you but does no damage. x2
You take 2 damage, and have 3/41 hp.
You barely miss the black bear.
The black bear is moderately wounded.
The black bear bites you.
You die...

...... #..
....#. ..#
....#. ##...
...... ....
>.#. #..#
......
##...######..
.....
#...J...[...#
.. # #.@h# #
##...# #.
#.#.... #..
..##..## ...#
..# .... ###
.... ..#.
.... ..!
..... ...


You could see a black bear and an endoplasm.

Vanquished Creatures
  A jelly (D:3)
  Terence (D:2)
  An iguana (D:3)
  A gnoll (D:4)
  8 adders
  2 dart slugs (D:1)
  4 orcs (D:3)
  5 ball pythons
  6 endoplasms
  3 giant cockroaches
  A goblin (D:1)
  3 hobgoblins
  7 jackals (D:3)
  3 kobolds
  A quokka (D:1)
  2 bats (D:2)
  A frilled lizard (D:2)
  4 rats
54 creatures vanquished.

Notes
Turn   | Place    | Note
-------+----------+-------------------------------------------
     0 | D:1      | Dirtsage the Demonspawn Fighter began the quest for the
                  | Orb.
     0 | D:1      | Reached XP level 1. HP: 18/18 MP: 1/1
    63 | D:1      | Reached skill level 2 in Long Blades
    69 | D:1      | Gained mutation: You have a small tail. [demonic ancestry]
    69 | D:1      | Reached XP level 2. HP: 5/24 MP: 2/2
   716 | D:2      | Reached skill level 3 in Long Blades
   727 | D:2      | Reached XP level 3. HP: 11/29 MP: 3/3
  1511 | D:2      | Found Weskopp's Weapon Shop.
  1556 | D:2      | Noticed Terence
  1560 | D:2      | Killed Terence
  1561 | D:2      | Reached skill level 4 in Long Blades
  1561 | D:2      | Reached XP level 4. HP: 35/35 MP: 4/4
  1828 | D:3      | Found Qimol's Antique Weapon Boutique.
  2152 | D:3      | Reached XP level 5. HP: 41/41 MP: 5/5
  2345 | D:3      | Reached skill level 5 in Long Blades
  3196 | D:4      | Noticed a black bear
  3200 | D:4      | Slain by a black bear

Illustrated notes

Levels and vault maps discovered:
D:1:      lemuel_arrival_room, layout_rooms, serial_forest,
          infiniplex_forest_clump_diagonal, infiniplex_forest_lined_4_way,
          infiniplex_forest_clump_diagonal, infiniplex_forest_clump_curved,
          infiniplex_forest_lined_4_way, infiniplex_forest_clump_tiny,
          infiniplex_forest_corner_2, infiniplex_forest_end_1
D:2:      minmay_skewed_foursquare, layout_basic, serial_shops, shop,
          uniq_terence
D:3:      layout_basic, serial_shops, nicolae_shop_overgrown_old_shop,
          hangedman_abyss_or_decor_lesser_grid, roderic_roman_lattice
D:4:      layout_rooms, general_overflow_altar, tso_altar,
          mainiacjoe_overflow_brackets, mainiacjoe_overflow_small_starburst,
          minmay_temple_entry_gardened_gates, uniq_pikel

Skill      XL: |  1  2  3  4  5 |
---------------+----------------+-----
Long Blades    | 2 3 4 5 |  5.5
Fighting       | |  3.0
Armour         | |  2.6
Shields        | |  2.6

Action                     |  1- 3 |  4- 6 || total
---------------------------+-------+-------++-------
  Melee: Long sword        |    93 |    97 ||   190
         Tailslap          |     7 |     8 ||    15
    Use: Potion            |     1 |     2 ||     3
         Scroll            |       |     1 ||     1
 Armour: Scale mail        |    59 |    53 ||   112
  Dodge: Dodged            |    35 |    58 ||    93
  Block: Buckler           |    19 |    29 ||    48

Table legend: (Time is in decaauts)
 A = Elapsed time spent in this place.
 B = Non-inter-level travel time spent in this place.
 C = Inter-level travel time spent in this place.
 D = Time resting spent in this place.
 E = Time spent auto-exploring this place.
 F = Levels seen in this place.
 G = Mean time per level.
                   A        B        C        D        E       F      G
               +--------+--------+--------+--------+--------+-----+--------+
         Total |   3247 |   3189 |     58 |    610 |   2175 |   4 |  811.8 |
       Dungeon |   3247 |   3189 |     58 |    610 |   2175 |   4 |  811.8 |
               +--------+--------+--------+--------+--------+-----+--------+

Top non-repeatable levels by time:
     D:3: 1260 daAuts
     D:2: 1240 daAuts
     D:1: 615 daAuts
     D:4: 130 daAuts
